 Dungeon Crawl Stone Soup version 0.19.5 (webtiles) character file.

148 Idilia the Grave Robber (level 5, 0/35 HPs)
             Began as a Vampire Necromancer on Apr 2, 2017.
             Was an Initiate of Yredelemnul.
             Slain by a water moccasin (3 damage)
             ... on level 3 of the Dungeon.
             The game lasted 01:08:02 (5366 turns).

Idilia the Grave Robber (Vampire Necromancer)       Turns: 5366, Time: 01:08:03

Health: 0/35       AC:  3    Str:  7    XL:     5   Next: 8%
Magic:  7/9        EV: 12    Int: 19    God:    Yredelemnul [......]
Gold:   164        SH:  0    Dex: 14    Spells: 4 memorised, 2 levels left

rFire  . . .     SeeInvis +     s - +1 hand axe (chop)
rCold  + . .     Gourm    .     a - +0 robe
rNeg   + + .     Faith    .     (no shield)
rPois  +         Spirit   .     f - +0 helmet
rElec  .         Reflect  .     (no cloak)
rCorr  .         Harm     .     (no gloves)
MR     .....                    (no boots)
Stlth  +++.......               (no amulet)
                                (no ring)
                                (no ring)

@: regenerating slowly
A: fangs 3, see invisible, unbreathing
a: Bat Form, Renounce Religion


You were on level 3 of the Dungeon.
You worshipped Yredelemnul.
Yredelemnul was noncommittal.
You were near bloodless.

You visited 1 branch of the dungeon, and saw 4 of its levels.

You collected 164 gold pieces.

Inventory:

Hand Weapons
 e - a +0 blowgun
 j - a +1 short sword
 n - a +0 hunting sling
 s - a +1 hand axe of chopping (weapon)
Missiles
 d - 177 stones (quivered)
 g - 45 sling bullets
 i - 23 bolts
 l - 6 javelins
 o - 28 poisoned needles
 p - 32 arrows
Armour
 a - a +0 robe (worn)
 f - a +0 helmet (worn)
Wands
 r - a wand of confusion (30/48)
Scrolls
 h - 2 scrolls of teleportation
 k - a scroll of identify
Potions
 c - a potion of magic {unknown}
 m - a potion of cure mutation
 q - a potion of curing {unknown}
 t - a potion of might {unknown}
 u - a potion of degeneration {unknown}
Books
 b - a book of Necromancy

   Spells                             Type                      Level
   a - Pain                           Necromancy                   1
   b - Animate Skeleton               Necromancy                   1
   c - Vampiric Draining              Necromancy                   3
   d - Regeneration                   Charms/Necromancy            3
   e - Animate Dead                   Necromancy                   4
   f - Control Undead                 Necromancy                   4


   Skills:
   Level 0.1 Maces & Flails
 + Level 2.1 Dodging
 + Level 3.0 Stealth
 + Level 3.3 Spellcasting
 + Level 6.2 Necromancy


You had 2 spell levels left.
You knew the following spells:

 Your Spells              Type           Power        Failure   Level  Hunger
a - Pain                  Necr           ####         1%          1    None
b - Animate Skeleton      Necr           N/A          1%          1    None
c - Vampiric Draining     Necr           ####......   3%          3    ###....
d - Regeneration          Chrm/Necr      ##........   14%         3    ###....


Dungeon Overview and Level Annotations

Branches:
Dungeon (4/15)
 Temple: D:4-7

Altars:
Yredelemnul


Innate Abilities, Weirdness & Mutations

You heal slowly.
You have razor-sharp teeth.
You have supernaturally acute eyesight. (SInv)
You can survive without breathing.


Message History

Aim: a water moccasin (chance to defeat MR: 84%)
The water moccasin writhes in agony!
The water moccasin misses you.
Casting: Pain
Confirm with . or Enter, or press ? or * to list all spells.
Aiming: Pain
Press: ? - help, Shift-Dir - straight line, f/p - water moccasin
Aim: a water moccasin (moderately wounded, chance to defeat MR: 84%)
The water moccasin writhes in agony!
The water moccasin bites you! x2
* * * LOW HITPOINT WARNING * * *
Casting: Pain
Confirm with . or Enter, or press ? or * to list all spells.
Aiming: Pain
Press: ? - help, Shift-Dir - straight line, f/p - water moccasin
Aim: a water moccasin (moderately wounded, chance to defeat MR: 84%)
The water moccasin writhes in agony!
The water moccasin closely misses you. The water moccasin closely misses you.
The water moccasin closely misses you. The water moccasin bites you.
You die...
Yredelemnul claims you as an undead slave.

#.# #.# #.######
#.##...# ## ####
#....#.# #(. ..#
########...# ..
#.# #.<.# ##.##
#.#.####.#.#####.#
#..........S@....#
###.##############
#.# ..# ####


You could see a water moccasin.

Vanquished Creatures
  An orc wizard (D:3)
  2 adders (D:2)
  5 worms
  4 leopard geckos
  5 orcs
  8 bats
  6 giant cockroaches
  5 goblins
  10 hobgoblins
  3 jackals (D:1)
  9 kobolds
  4 quokkas
  7 frilled lizards
  3 rats
72 creatures vanquished.

Vanquished Creatures (collateral kills)
  A worm (D:2)
  2 bats (D:2)
  A goblin (D:2)
  3 frilled lizards
  A kobold (D:2)
8 creatures vanquished.

Grand Total: 80 creatures vanquished

Notes
Turn   | Place    | Note
-------+----------+-------------------------------------------
     0 | D:1      | Idilia the Vampire Necromancer began the quest for the Orb.
     0 | D:1      | Reached XP level 1. HP: 13/13 MP: 3/3
     2 | D:1      | Learned a level 1 spell: Animate Skeleton
   193 | D:1      | Reached XP level 2. HP: 13/19 MP: 0/5
   286 | D:1      | Reached skill level 5 in Necromancy
  1033 | D:1      | Reached XP level 3. HP: 19/24 MP: 2/6
  1232 | D:1      | Learned a level 3 spell: Vampiric Draining
  2126 | D:2      | Reached XP level 4. HP: 25/30 MP: 1/8
  3116 | D:3      | Found a basalt altar of Yredelemnul.
  3848 | D:3      | Reached skill level 6 in Necromancy
  4037 | D:3      | Became a worshipper of Yredelemnul the Dark
  4661 | D:3      | Reached XP level 5. HP: 32/35 MP: 5/9
  4730 | D:3      | Learned a level 3 spell: Regeneration
  5353 | D:3      | Noticed a water moccasin
  5366 | D:3      | Slain by a water moccasin

Skill      XL: |  1  2  3  4 |
---------------+-------------+-----
Necromancy     | 5 6 |  6.2
Spellcasting   | 3 |  3.3
Maces & Flails | |  0.1
Dodging        | |  2.1
Stealth        | |  3.0

Action                   |  1- 3 |  4- 6 || total
-------------------------+-------+-------++-------
Melee: Club              |    19 |     3 ||    22
       Hand axe          |       |     2 ||     2
 Cast: Pain              |    60 |    78 ||   138
       Animate Skeleton  |    13 |     8 ||    21
       Vampiric Draining |     3 |     3 ||     6
  Use: Scroll            |     5 |     2 ||     7
       Potion            |     5 |     1 ||     6
  Eat: Corpse            |     9 |     3 ||    12
Armor: Robe              |    22 |     4 ||    26
Dodge: Dodged            |    37 |    31 ||    68
